 Dungeon Crawl Stone Soup version 0.30.1-9-gdf580d7c3d (webtiles) character file.

Game seed: 2089966878663192104

1897 Atelerd the Geomancer (level 9, 0/52 HPs)
             Began as an Octopode Earth Elementalist on Sept 25, 2023.
             Slain by a bullfrog (4 damage)
             ... in a sewer.
             The game lasted 00:12:20 (6302 turns).

Atelerd the Geomancer (Octopode Earth Elementalist) Turns: 6302, Time: 00:12:21

Health: 0/52       AC:  3    Str:  8    XL:     9   Next: 15%
Magic:  17/19      EV: 13    Int: 21    God:
Gold:   426        SH:  0    Dex: 10    Spells: 16/21 levels left

rFire   . . .        t - +2 dagger (venom)
rCold   . . .        (no shield)
rNeg    . . .        (helmet restricted)
rPois   .            (no amulet)
rElec   .            (no ring)
rCorr   .            (no ring)
SInv    .            (no ring)
Will    .....        (no ring)
Stlth   +++++        (no ring)
HPRegen 0.28/turn    (no ring)
MPRegen 0.16/turn    (no ring)
                     (no ring)

%: no passive effects
@: brilliant, lethally poisoned (0 -> -6), hasted, very quick
A: almost no armour, amphibious, 8 rings, camouflage 1, gelatinous body 1,
nimble swimmer 1, tentacles, iridescent scales 1, clumsy 1, MP-powered wands
a: no special abilities


You were in a sewer.
You visited 2 branches of the dungeon, and saw 7 of its levels.
You also visited: Sewer.

You collected 426 gold pieces.

Inventory:

Hand Weapons
 r - the +3 hammer of Purpose {freeze, rF+}
   (You found it on level 2 of the Dungeon)

   rF:        It protects you from fire.
 t - a +2 dagger of venom (weapon)
Jewellery
 j - an amulet of faith
Wands
 B - a wand of digging (4)
 D - a wand of acid (15)
Scrolls
 b - 2 scrolls of poison
 d - a scroll of brand weapon {unknown}
 e - 4 scrolls of blinking {unknown}
 f - 4 scrolls of teleportation
 h - a scroll of amnesia
 k - a scroll of immolation
 n - a scroll of enchant armour {unknown}
 q - a scroll of summoning {unknown}
 s - a scroll of silence {unknown}
 x - a scroll of magic mapping
 y - 2 scrolls of vulnerability {unknown}
 z - 2 scrolls of identify {unknown}
 E - a scroll of noise {unknown}
Potions
 a - a potion of magic
 c - a potion of flight {unknown}
 g - a potion of curing {unknown}
 l - a potion of lignification {unknown}
 m - a potion of attraction {unknown}
 o - 2 potions of degeneration {unknown}
 u - a potion of ambrosia {unknown}
 v - 2 potions of mutation
 w - a potion of brilliance
 A - a potion of cancellation {unknown}
 F - a potion of might {unknown}
 G - a potion of invisibility {unknown}


   Skills:
 + Level 0.6 Fighting
 + Level 0.5 Short Blades
 - Level 2.0 Dodging
 + Level 5.1 Stealth
 + Level 6.9 Spellcasting
 - Level 4.0 Transmutations
 - Level 8.0 Earth Magic


You had 16 spell levels left.
You knew the following spells:

 Your Spells              Type           Power      Damage    Failure   Level
a - Sandblast             Erth           100%       2d20      1%          1
p - Petrify               Tmut/Erth      48%        N/A       8%          4

Your spell library contained the following spells:

 Spells                   Type           Power      Damage    Failure   Level
 Passwall                 Tmut/Erth      40%        N/A       1%          2
 Stone Arrow              Conj/Erth      72%        3d11      4%          3
 Slow                     Hex            40%        N/A       9%          1
 Confusing Touch          Hex            10%        N/A       26%         3
 Inner Flame              Hex/Fire       10%        N/A       26%         3
 Vampiric Draining        Necr           10%        2d6       26%         3
 Anguish                  Hex/Necr       5%         N/A       65%         4
 Cause Fear               Hex            5%         N/A       65%         4
 Flame Wave               Conj/Fire      10%        2d6       65%         4
 Sticky Flame             Conj/Fire      10%        2d3       65%         4
 Enfeeble                 Hex            5%         N/A       100%        7


Dungeon Overview and Level Annotations

Branches:
Dungeon (6/15)             Temple (1/1) D:5           Sewer (1/1)

Altars:
Ashenzari
Cheibriados
Dithmenos
Elyvilon
Gozag
Hepliaklqana
Kikubaaqudgha
Makhleb
Nemelex Xobeh
Qazlal
Ru
Trog
Uskayaw
Vehumet
Xom
Yredelemnul
Zin

Annotations:
D:2 1 runed translucent door, Crazy Yiuf
D:5 exclusion: downstairs
D:6 2 transporters


Innate Abilities, Weirdness & Mutations

You cannot wear most types of armour.
You are amphibious.
You can wear up to eight rings at the same time.
Your skin changes colour to match your surroundings (Stealth+).
Your rubbery body absorbs attacks. (AC +1, EV +1)
You are camouflaged when in or above water. (Stealth+)
You have tentacles for arms and can constrict up to eight enemies at once.
You are partially covered in iridescent scales. (AC +2)
You are clumsy. (Dex -2)
You expend magic power (3 MP) to strengthen your wands.


Message History

The endoplasm freezes you.
You are frozen.
The ball python bites you but does no damage.
The ball python constricts you.
Unknown command.
Casting: Sandblast (safe; 1% risk of failure)
Confirm with . or Enter, or press ? or * to list all spells.
Aiming: Sandblast (safe; 1% risk of failure)
Press: ? - help, Shift-Dir - straight line, f - ball python, p - adder
Aim: a ball python (water, constricting you, 84% to hit)
You feel a surge of power!
The blast of sand hits the ball python!!
You kill the ball python!
You feel sick. The bullfrog hits you.
* * * LOW HITPOINT WARNING * * *
The adder closely misses you.
The frilled lizard bites you but does no damage.
The bullfrog hits you but does no damage.
The adder bites you.
* * * LOW HITPOINT WARNING * * *
You are more poisoned.
The adder poisons you!
The endoplasm splashes around in the water.
The frilled lizard closely misses you.
It was a potion of haste.
You feel yourself speed up.
* * * LOW HITPOINT WARNING * * *
You feel sick. The bullfrog closely misses you. The adder closely misses you.
The endoplasm freezes you.
You are frozen.
* * * LOW HITPOINT WARNING * * *
The frilled lizard bites you but does no damage.
The bullfrog hits you.
* * * LOW HITPOINT WARNING * * *
The adder completely misses you.
Unknown command.
Okay, then.
You feel as though your hastened speed will last longer.
* * * LOW HITPOINT WARNING * * *
You feel sick.
The bullfrog is no longer paralysed.
The bullfrog hits you.
You die...

################### ##
###..~≈≈≈≈~~≈≈≈≈≈≈~~#...
#...~≈≈≈≈≈≈~..~≈~~≈~~...
....~~~≈~~~≈~~≈~~~≈~~...
....~~~~~≈~~≈≈~JlF~≈~...
....~≈≈≈≈≈≈≈≈≈≈~@F†~~...
..†.#≈≈≈≈≈≈≈≈≈≈≈S†≈~....
...####################+
..#### ..#..# .†'..#
.##### ..##
...####################


You could see 2 bullfrogs, an adder, an endoplasm and a frilled lizard.

Vanquished Creatures
  Pikel (D:5)
  Edmund (D:4)
  An ice beast (D:4)
  2 ogres
  A centaur (D:6)
  3 lemures (D:5)
  3 scorpions
  2 wights (D:6)
  A howler monkey (D:5)
  A crimson imp (D:4)
  2 jellies (D:5)
  An orc priest (D:4)
  2 hounds
  An iron imp (D:3)
  Jessica (D:3)
  2 iguanas (D:5)
  Natasha (thrice) (D:3)
  Terence (D:3)
  Robin (D:3)
  12 adders
  3 gnolls (D:5)
  2 river rats (Sewer)
  2 white imps
  A worm (D:2)
  4 dart slugs
  4 orcs
  7 ball pythons
  4 endoplasms
  A giant cockroach (D:2)
  10 goblins
  10 hobgoblins
  7 jackals
  6 kobolds
  3 quokkas
  7 bats
  5 frilled lizards
  27 rats
145 creatures vanquished.

Notes
Turn   | Place    | Note
-------+----------+-------------------------------------------
     0 | D:1      | Atelerd the Octopode Earth Elementalist began the quest for
                  | the Orb.
     0 | D:1      | Reached XP level 1. HP: 11/11 MP: 3/3
   247 | D:1      | Reached XP level 2. HP: 16/17 MP: 3/5
  1356 | D:2      | Identified the +3 hammer of Purpose {freeze, rF+}
  1360 | D:2      | Found a runed translucent door.
  1361 | D:2      | Noticed Crazy Yiuf
  1419 | D:2      | Reached XP level 3. HP: 21/21 MP: 4/6
  1494 | D:2      | Reached skill level 4 in Earth Magic
  1706 | D:3      | Noticed Jessica
  1713 | D:3      | Killed Jessica
  1714 | D:3      | Reached XP level 4. HP: 13/27 MP: 4/7
  1884 | D:3      | Noticed Natasha
  1892 | D:3      | Killed Natasha
  1904 | D:3      | Noticed Natasha
  2008 | D:3      | Reached XP level 5. HP: 31/31 MP: 5/9
  2141 | D:3      | Noticed Terence
  2151 | D:3      | Learned a level 4 spell: Petrify
  2166 | D:3      | Found a sacrificial altar of Ru.
  2169 | D:3      | Noticed Robin
  2260 | D:3      | Killed Robin
  2384 | D:3      | Killed Terence
  2654 | D:3      | Killed Natasha
  2791 | D:3      | Found a snail-covered altar of Cheibriados.
  2799 | D:3      | Reached XP level 6. HP: 36/36 MP: 5/10
  2903 | D:3      | Noticed Natasha
  2920 | D:3      | Killed Natasha
  3507 | D:4      | Reached skill level 5 in Earth Magic
  3593 | D:4      | Noticed an ice beast
  3604 | D:4      | Killed an ice beast
  3605 | D:4      | Reached XP level 7. HP: 41/41 MP: 3/12
  3677 | D:4      | Found a hazy altar of Hepliaklqana.
  3683 | D:4      | Noticed Edmund
  3700 | D:4      | Killed Edmund
  3701 | D:4      | Reached skill level 5 in Stealth
  4065 | D:5      | Entered Level 5 of the Dungeon
  4319 | D:5      | Found a staircase to the Ecumenical Temple.
  4414 | Temple   | Entered the Ecumenical Temple
  4710 | D:5      | Reached skill level 6 in Earth Magic
  4710 | D:5      | Reached XP level 8. HP: 46/46 MP: 13/15
  4778 | D:5      | Reached skill level 5 in Spellcasting
  4954 | D:5      | Noticed Pikel
  4968 | D:5      | Killed Pikel
  4969 | D:5      | Reached skill level 7 in Earth Magic
  5629 | D:6      | Found a transporter.
  5635 | D:6      | Found a transporter.
  5838 | D:6      | Reached XP level 9. HP: 51/51 MP: 6/18
  5853 | D:6      | Reached skill level 8 in Earth Magic
  5859 | D:6      | Found a glowing drain.
  5915 | Sewer    | Entered a sewer
  6295 | Sewer    | Gained mutation: You are clumsy. (Dex -2) [potion of
                  | mutation]
  6295 | Sewer    | Gained mutation: You are partially covered in iridescent
                  | scales. (AC +2) [potion of mutation]
  6295 | Sewer    | Gained mutation: You expend magic power (3 MP) to
                  | strengthen your wands. [potion of mutation]
  6296 | Sewer    | HP: 2/52 [bullfrog (8)]
  6302 | Sewer    | Slain by a bullfrog

Illustrated notes

Levels and vault maps discovered:
D:1:      tarquinn_simple_flora_water_a, layout_basic, minivault_25,
          minmay_statues_item, nrook_mini_backslash, corexii_hall_statues_x
D:2:      layout_basic, uniq_crazy_yiuf_cottage
D:3:      layout_loops_ring, slow_altar_1, nicolae_ru_awakened_eye, uniq_robin,
          uniq_natasha, uniq_terence, uniq_jessica
D:4:      layout_gridville, nicolae_hepliaklqana_hazy_memory, minivault_4,
          minmay_fire_ice_demons, uniq_edmund
D:5:      layout_loops_ring, minmay_temple_entry_glass, uniq_pikel
D:6:      layout_layer_cave, gammafunk_ghost_gnarly_gnolls, portal_sewer_entry_e
Temple:   dpeg_chambers_temple
Sewer:    sewer_minmay_w

Skill      XL: |  1  2  3  4  5  6  7  8  9 |
---------------+----------------------------+-----
Earth Magic    | 4 5 6 7 8 |  8.0
Stealth        | 3 4 5 |  5.1
Transmutations | 2 4 |  4.0
Spellcasting   | 3 4 6 |  6.9
Fighting       | |  0.6
Short Blades   | |  0.5
Dodging        | |  2.0

Action                     |  1- 3 |  4- 6 |  7- 9 || total
---------------------------+-------+-------+-------++-------
  Melee: Unarmed           |     5 |       |       ||     5
         Tentacles         |     4 |     5 |    13 ||    22
         Dagger            |     9 |    24 |    44 ||    77
         Constrict         |     3 |     5 |    12 ||    20
         Spear             |     2 |       |       ||     2
         Punch             |       |     1 |     1 ||     2
   Cast: Sandblast         |    28 |    77 |    86 ||   191
         Petrify           |       |     3 |     9 ||    12
  Evoke: Wand              |       |       |    11 ||    11
    Use: Scroll            |       |       |     5 ||     5
         Potion            |       |       |     6 ||     6
   Stab: Sleeping          |     2 |     1 |     4 ||     7
         Petrified         |       |     7 |    18 ||    25
         Petrifying        |       |     1 |       ||     1
 Armour: Skin              |     1 |     3 |    16 ||    20
  Dodge: Dodged            |    14 |    43 |    64 ||   121
